 Dungeon Crawl Stone Soup version 0.20.1-1-g8b1a95d (webtiles) character file.

175 LarsimusPrime the Shield-Bearer (level 5, -12/69 HPs)
             Began as a Minotaur Fighter on Aug 23, 2017.
             Mangled by an ogre
             ... wielding a +0 giant club
              (15 damage)
             ... on level 4 of the Dungeon.
             The game lasted 00:10:58 (2386 turns).

LarsimusPrime the Shield-Bearer (Minotaur Fighter)  Turns: 2386, Time: 00:10:59

Health: -12/69     AC: 22    Str: 20    XL:     5   Next: 29%
Magic:  4/4        EV:  2    Int:  5    God:
Gold:   167        SH: 10    Dex: 16    Spells: 4/4 levels left

rFire    . . .     SeeInvis .   a - +0 flail
rCold    . . .     Gourm    .   c - +0 shield
rNeg     + + +     Faith    .   (armour currently unavailable)
rPois    +         Spirit   .   (helmet currently unavailable)
rElec    .         Reflect  .   (cloak currently unavailable)
rCorr    .         Harm     .   (gloves currently unavailable)
MR       .....     NoTele   +   (boots currently unavailable)
Stlth    ++........             (no amulet)
Regen    0.3/turn               (no ring)
MPRegen  0.1/turn               (no ring)

@: agile, lethally poisoned (-12 -> -14), tree-form
A: (retaliatory headbutt)
a: no special abilities


You were on level 4 of the Dungeon.
You were not hungry.
You were a tree.
You visited 1 branch of the dungeon, and saw 4 of its levels.

You collected 167 gold pieces.

Inventory:

Hand Weapons
 a - a +0 flail (weapon)
Missiles
 o - 90 stones (quivered)
 w - 4 tomahawks
Armour
 b - a +0 scale mail
 c - a +0 shield (worn)
 i - a +0 chain mail (melded)
Jewellery
 l - an uncursed amulet of the gourmand {unknown}
 y - an uncursed ring of protection from fire {unknown}
Wands
 s - a wand of paralysis (11/24)
Scrolls
 e - 3 scrolls of fog {unknown}
 m - a scroll of fear {unknown}
 q - a scroll of enchant weapon {unknown}
 r - 2 scrolls of identify {unknown}
 u - 2 scrolls of remove curse {unknown}
 v - a scroll of amnesia {unknown}
Potions
 d - 5 potions of might
 n - a potion of haste
Comestibles
 f - 5 bread rations
 h - a royal jelly
 p - a meat ration
 t - 2 fruits
 x - a chunk of flesh


   Skills:
 + Level 4.3 Fighting
 + Level 4.6 Maces & Flails
 + Level 4.3 Armour
 + Level 0.4 Dodging
 + Level 4.8 Shields


You had 4 spell levels left.
You didn't know any spells.

Dungeon Overview and Level Annotations

Branches:
Dungeon (4/15)
 Temple: D:4-7

Altars:
Cheibriados
Trog
Vehumet
Xom
Yredelemnul


Innate Abilities, Weirdness & Mutations

((You reflexively headbutt those who attack you in melee.))
((You have a pair of horns on your head.))


Message History

The ogre is moderately wounded.
You feel sick. The ogre hits you with a giant club!!
Ouch! That really hurt!
* * * LOW HITPOINT WARNING * * *
You block the orc's attack.
Unknown command.
It was a potion of agility.
You feel agile all of a sudden. You block the orc's attack.
The ogre closely misses you.
It was a potion of lignification.
You turn into a tree.
Your +0 chain mail melds into your body.
Your roots penetrate the ground.
You feel sick. You block the orc's attack.
The ogre hits you but does no damage.
It was a potion of magic.
Magic courses through your body. You block the orc's attack.
Okay, then.
You hit the ogre.
The ogre is moderately wounded.
The ogre hits you with a giant club!
You die...

.... .......#.#.#...##.##.#.#.##
#..# # ##..#.##.######.##.##....
.#..# #.##..........###.##.##.###
.#..###.##............#...(...#
.#...............##.#.#......##
.#...............................
.#...#####.#.......>..........[..
...........#.##.###.####......###
.#.###.###.....#♣##)# ###..#.#
...# #........###O#.# #..#.# #.<#
#####...## #oo.# #...#. #..#
##### #'### ..## #..#
#.........o...# #.<.
#.............# #.###
#.....$.......# #..
#.............# ###
#....!........#


You could see an ogre and 2 orcs.

Vanquished Creatures
  An orc priest (D:4)
  Terence (D:2)
  3 gnolls (D:2)
  4 adders
  A worm (D:2)
  2 dart slugs (D:1)
  8 bats
  5 giant cockroaches
  4 goblins
  5 hobgoblins
  4 jackals (D:2)
  A quokka (D:2)
  6 frilled lizards
  8 kobolds
  3 rats
56 creatures vanquished.

Notes
Turn   | Place    | Note
-------+----------+-------------------------------------------
     0 | D:1      | LarsimusPrime the Minotaur Fighter began the quest for the Orb.
     0 | D:1      | Reached XP level 1. HP: 19/19 MP: 0/0
   305 | D:1      | Reached XP level 2. HP: 23/27 MP: 1/1
   694 | D:2      | Reached XP level 3. HP: 22/33 MP: 2/2
   817 | D:2      | Noticed Terence
   828 | D:2      | Killed Terence
   848 | D:2      | Found a bloodstained altar of Trog.
  1000 | D:2      | Reached XP level 4. HP: 28/40 MP: 3/3
  1084 | D:2      | Found a basalt altar of Yredelemnul.
  1455 | D:2      | Found a snail-covered altar of Cheibriados.
  1614 | D:3      | Found a shimmering altar of Xom.
  1731 | D:3      | Found a radiant altar of Vehumet.
  2185 | D:3      | Reached XP level 5. HP: 46/46 MP: 4/4
  2373 | D:4      | Noticed an ogre
  2382 | D:4      | HP: 2/46 [ogre/giant club (26)]
  2386 | D:4      | Mangled by an ogre

Skill      XL: |  1  2  3  4 |
---------------+-------------+-----
Shields        | 4 |  4.8
Fighting       | 4 |  4.3
Maces & Flails | 3 4 |  4.6
Armour         | 4 |  4.3
Dodging        | |  0.4

Action                   |  1- 3 |  4- 6 || total
-------------------------+-------+-------++-------
Melee: Flail             |    76 |    65 ||   141
       Headbutt          |    15 |    13 ||    28
  Use: Potion            |       |     3 ||     3
  Eat: Chunk             |       |     5 ||     5
Armor: Scale mail        |     9 |       ||     9
       Chain mail        |    30 |    33 ||    63
       Skin              |       |     1 ||     1
Dodge: Dodged            |    16 |    21 ||    37
Block: Shield            |    36 |    39 ||    75
